ITL
TUSCALOOSA TROUT SLAYERS @ DETROIT X-WINGS
09/22/2029
 
TOP OF THE 1ST
Tuscaloosa Trout Slayers batting - Pitching for Detroit X-Wings : RHP Brian Smith
Pitching: RHP Brian Smith
Batting: RHB Alfredo Díaz 0-0: Ground out 1-3 (Groundball, 15S)
Batting: RHB José Fernández 0-0: Swinging Strike
0-1: Foul Ball, location: 2F
0-2: Ball
1-2: Ball
2-2: Foul Ball, location: 2F
2-2: Strikes out looking
Batting: LHB José Delgado 0-0: Fly out, F9 (Line Drive, 89M)
Top of the 1st over - 0 runs, 0 hits, 0 errors, 0 left on base; Tuscaloosa 0 - Detroit 0
BOTTOM OF THE 1ST
Detroit X-Wings batting - Pitching for Tuscaloosa Trout Slayers : RHP Rafael Ramírez
Pitching: RHP Rafael Ramírez
Batting: RHB Donato Gozende 0-0: Ground out 6-3 (Groundball, 56)
Batting: RHB José Pérez 0-0: Swinging Strike
0-1: Ball
1-1: Swinging Strike
1-2: Foul Ball, location: 2F
1-2: Strikes out swinging
Batting: RHB Oliver Acevedo 0-0: Ball
1-0: Ball
2-0: Called Strike
2-1: Foul Ball, location: 2F
2-2: Ground out 6-3 (Groundball, 6S)
Bottom of the 1st over - 0 runs, 0 hits, 0 errors, 0 left on base; Tuscaloosa 0 - Detroit 0
TOP OF THE 2ND
Tuscaloosa Trout Slayers batting - Pitching for Detroit X-Wings : RHP Brian Smith
Batting: RHB Jason Erickson 0-0: Swinging Strike
0-1: Foul Ball, location: 2F
0-2: SINGLE (Flyball, 89S)
Batting: RHB Claudio Gonzáles 0-0: Ball
Wild Pitch!
Jason Erickson to second
1-0: SINGLE (Groundball, 3D)
Jason Erickson to third
Batting: LHB Mark Owens 0-0: Ball
1-0: Called Strike
1-1: SINGLE (Groundball, 56) (infield hit)
Jason Erickson scores
Claudio Gonzáles to second
Batting: RHB Juan Reyes 0-0: Swinging Strike
0-1: Swinging Strike
0-2: Strikes out looking
Batting: RHB Kyle O'Day 0-0: Grounds into double play, 4-6-3 (Groundball, 4M)
Top of the 2nd over - 1 run, 3 hits, 0 errors, 1 left on base; Tuscaloosa 1 - Detroit 0
BOTTOM OF THE 2ND
Detroit X-Wings batting - Pitching for Tuscaloosa Trout Slayers : RHP Rafael Ramírez
Batting: SHB Barrett Bowden 0-0: Ball
1-0: Swinging Strike
1-1: Called Strike
1-2: SINGLE (Groundball, 13S) (infield hit)
Batting: RHB Mario Solís 0-0: Ball
1-0: Ball
2-0: Swinging Strike
2-1: Ball
3-1: Base on Balls
Barrett Bowden to second
Batting: LHB Paul Alston 0-0: Ball
1-0: Ball
2-0: Ball
3-0: Called Strike
3-1: Base on Balls
Barrett Bowden to third
Mario Solís to second
Batting: RHB Enrique Aguilar 0-0: Called Strike
0-1: Ball
1-1: Ball
2-1: Fly out, F9 (Flyball, 9S)
Runner from 3rd tags up, SCORES, throw made
Batting: RHB Raúl Flores 0-0: Ball
1-0: Ball
2-0: Hit by Pitch
Mario Solís to third
Paul Alston to second
Batting: LHB Leslie Adams 0-0: Ball
1-0: Ball
2-0: Ball
3-0: Base on Balls
Mario Solís scores
Paul Alston to third
Raúl Flores to second
Pitching: RHP Jimmy Bradley
Batting: RHB Donato Gozende 0-0: Foul Ball, location: 2F
0-1: Ball
1-1: Ball
2-1: Swinging Strike
2-2: Foul Ball, location: 2F
2-2: Hit by Pitch
Paul Alston scores
Raúl Flores to third
Leslie Adams to second
Batting: RHB José Pérez 0-0: Called Strike
0-1: Ball
1-1: Ball
2-1: Ball
3-1: Foul Ball, location: 2F
3-2: Grounds into double play, 6-4-3 (Groundball, 56D)
Bottom of the 2nd over - 3 runs, 1 hit, 0 errors, 2 left on base; Tuscaloosa 1 - Detroit 3
TOP OF THE 3RD
Tuscaloosa Trout Slayers batting - Pitching for Detroit X-Wings : RHP Brian Smith
Batting: RHB José Ortega 0-0: Called Strike
0-1: Swinging Strike
0-2: Fly out, F9 (Line Drive, 89D)
Batting: RHB Alfredo Díaz 0-0: Ball
1-0: Foul Ball, location: 2F
1-1: Fly out, F3 (Popup, 3SF)
Pitching: RHP Domingo Rodríguez
Batting: RHB José Fernández 0-0: Ball
1-0: Ball
2-0: SINGLE (Line Drive, 6D)
Batting: LHB José Delgado 0-0: Swinging Strike
0-1: Fly out, F8 (Line Drive, 8RD)
Top of the 3rd over - 0 runs, 1 hit, 0 errors, 1 left on base; Tuscaloosa 1 - Detroit 3
BOTTOM OF THE 3RD
Detroit X-Wings batting - Pitching for Tuscaloosa Trout Slayers : RHP Jimmy Bradley
Batting: RHB Oliver Acevedo 0-0: Called Strike
0-1: SINGLE (Flyball, 7LS)
Batting: SHB Barrett Bowden 0-0: Ball
1-0: Fly out, F7 (Flyball, 7)
Batting: RHB Mario Solís 0-0: Ball
1-0: Called Strike
1-1: Ball
2-1: Foul Ball, location: 2F
2-2: Ball
3-2: Ground out 6-3 (Groundball, 6M)
Oliver Acevedo to second
Batting: LHB Paul Alston 0-0: Ball
1-0: Foul Ball, location: 2F
1-1: Ball
2-1: Called Strike
2-2: DOUBLE (Flyball, 78XD)
Oliver Acevedo scores
Batting: RHB Enrique Aguilar 0-0: Called Strike
0-1: Ball
1-1: Called Strike
1-2: Ground out 4-3 (Groundball, 4)
Bottom of the 3rd over - 1 run, 2 hits, 0 errors, 1 left on base; Tuscaloosa 1 - Detroit 4
TOP OF THE 4TH
Tuscaloosa Trout Slayers batting - Pitching for Detroit X-Wings : RHP Domingo Rodríguez
Batting: RHB Jason Erickson 0-0: Ball
1-0: SINGLE (Line Drive, 56)
Batting: RHB Claudio Gonzáles 0-0: Foul Ball, location: 2F
0-1: Swinging Strike
0-2: Foul Ball, location: 2F
0-2: Foul Ball, location: 2F
0-2: Strikes out swinging
Batting: LHB Mark Owens 0-0: Called Strike
0-1: Ball
1-1: Swinging Strike
1-2: Ball
2-2: Ball
3-2: Grounds into double play, 6-4-3 (Groundball, 6)
Top of the 4th over - 0 runs, 1 hit, 0 errors, 0 left on base; Tuscaloosa 1 - Detroit 4
BOTTOM OF THE 4TH
Detroit X-Wings batting - Pitching for Tuscaloosa Trout Slayers : RHP Jimmy Bradley
Batting: RHB Raúl Flores 0-0: Ball
1-0: Foul Ball, location: 2F
1-1: SINGLE (Groundball, 3S) (infield hit)
Batting: LHB Leslie Adams 0-0: Called Strike
0-1: Foul Ball, location: 2F
0-2: Grounds into double play, 5-4-3 (Groundball, 56)
Batting: RHB Donato Gozende 0-0: Foul Ball, location: 2F
0-1: Swinging Strike
0-2: Ball
1-2: Foul Ball, location: 2F
1-2: Ground out 3-1 (Groundball, 34)
Bottom of the 4th over - 0 runs, 1 hit, 0 errors, 0 left on base; Tuscaloosa 1 - Detroit 4
TOP OF THE 5TH
Tuscaloosa Trout Slayers batting - Pitching for Detroit X-Wings : RHP Domingo Rodríguez
Batting: RHB Juan Reyes 0-0: Ball
1-0: Swinging Strike
1-1: Fly out, F8 (Flyball, 8RD)
Batting: RHB Kyle O'Day 0-0: Ball
1-0: Ball
2-0: Fly out, F9 (Flyball, 89D)
Batting: RHB José Ortega 0-0: Called Strike
0-1: Called Strike
0-2: Ball
1-2: Ball
2-2: DOUBLE (Line Drive, 89XD)
Batting: RHB Alfredo Díaz 0-0: Foul Ball, location: 2F
0-1: SINGLE (Groundball, 6D)
José Ortega to third
Runner from 3rd tries for Home, SAFE, no throw
Batting: RHB José Fernández 0-0: DOUBLE (Line Drive, 7LS)
Alfredo Díaz to third
Runner from 3rd tries for Home, SAFE, no throw
Batting: LHB José Delgado 0-0: Ball
1-0: Ball
2-0: Ball
3-0: Base on Balls
Batting: RHB Jason Erickson 0-0: Called Strike
0-1: Ball
1-1: Ball
2-1: Foul Ball, location: 2F
2-2: Ground out 4-3 (Groundball, 4)
Top of the 5th over - 2 runs, 3 hits, 0 errors, 2 left on base; Tuscaloosa 3 - Detroit 4
BOTTOM OF THE 5TH
Detroit X-Wings batting - Pitching for Tuscaloosa Trout Slayers : RHP Jimmy Bradley
Batting: RHB José Pérez 0-0: Called Strike
0-1: Called Strike
0-2: Foul Ball, location: 2F
0-2: Ball
1-2: Foul Ball, location: 2F
1-2: Ground out 6-3 (Groundball, 6)
Batting: RHB Oliver Acevedo 0-0: Ball
1-0: Ball
2-0: Ball
3-0: Base on Balls
Batting: SHB Barrett Bowden 0-0: Ground out 4-3 (Groundball, 4S)
Oliver Acevedo to second
Batting: RHB Mario Solís 0-0: Foul Ball, location: 2F
0-1: Called Strike
0-2: Strikes out swinging
Bottom of the 5th over - 0 runs, 0 hits, 0 errors, 1 left on base; Tuscaloosa 3 - Detroit 4
TOP OF THE 6TH
Tuscaloosa Trout Slayers batting - Pitching for Detroit X-Wings : RHP Domingo Rodríguez
Batting: RHB Claudio Gonzáles 0-0: Ball
1-0: Foul Ball, location: 2F
1-1: Ball
2-1: Ball
3-1: Fly out, F9 (Flyball, 9S)
Pitching: LHP Clarence Skerratt
Batting: LHB Mark Owens 0-0: DOUBLE (Line Drive, 7LM)
Batting: RHB Juan Reyes 0-0: Ball
1-0: Ball
2-0: Ball
Wild Pitch!
Mark Owens to third
3-0: Base on Balls
Batting: RHB Kyle O'Day 0-0: Ball
1-0: Called Strike
1-1: Ball
2-1: TRIPLE (Flyball, 9LD)
Mark Owens scores
Juan Reyes scores
Pitching: RHP Charlie Alexander
Batting: RHB José Ortega 0-0: Foul Ball, location: 2F
0-1: Ball
1-1: Foul Ball, location: 2F
1-2: Ground out 1-3 (Groundball, P)
Batting: RHB Alfredo Díaz 0-0: Ball
1-0: Ball
2-0: Ball
3-0: Called Strike
3-1: Base on Balls
Batting: RHB José Fernández 0-0: Ball
1-0: Swinging Strike
1-1: Hit by Pitch
Alfredo Díaz to second
Batting: LHB José Delgado 0-0: Ball
1-0: Foul Ball, location: 2F
1-1: Foul Ball, location: 2F
1-2: Ball
2-2: Foul Ball, location: 2F
2-2: Ball
3-2: Ground out 6-3 (Groundball, 6)
Top of the 6th over - 2 runs, 2 hits, 0 errors, 3 left on base; Tuscaloosa 5 - Detroit 4
BOTTOM OF THE 6TH
Detroit X-Wings batting - Pitching for Tuscaloosa Trout Slayers : RHP Jimmy Bradley
Batting: LHB Paul Alston 0-0: SINGLE (Groundball, 6) (infield hit)
Batting: RHB Enrique Aguilar 0-0: Foul Ball, location: 2F
0-1: Ball
1-1: Grounds into double play, 5-4-3 (Groundball, 56)
Batting: RHB Raúl Flores 0-0: Ball
1-0: Swinging Strike
1-1: Foul Ball, location: 2F
1-2: Ground out 6-3 (Groundball, 6)
Bottom of the 6th over - 0 runs, 1 hit, 0 errors, 0 left on base; Tuscaloosa 5 - Detroit 4
TOP OF THE 7TH
Tuscaloosa Trout Slayers batting - Pitching for Detroit X-Wings : RHP Charlie Alexander
Batting: RHB Jason Erickson 0-0: Called Strike
0-1: Ball
1-1: Swinging Strike
1-2: Ball
2-2: SINGLE (Groundball, 34S) (infield hit)
Pinch Hitting: LHB Ed Hart 0-0: Ball
1-0: Fly out, F9 (Flyball, 9LS)
Batting: LHB Mark Owens 0-0: Swinging Strike
0-1: Called Strike
0-2: Strikes out swinging
Batting: RHB Juan Reyes 0-0: Ball
Wild Pitch!
Jason Erickson to second
1-0: Foul Ball, location: 2F
1-1: Foul Ball, location: 2F
1-2: Ground out 6-3 (Groundball, 6)
Top of the 7th over - 0 runs, 1 hit, 0 errors, 1 left on base; Tuscaloosa 5 - Detroit 4
BOTTOM OF THE 7TH
Detroit X-Wings batting - Pitching for Tuscaloosa Trout Slayers : RHP Jimmy Bradley
Now at 1B: Ed Hart
Batting: LHB Leslie Adams 0-0: Ball
1-0: Ground out 4-3 (Groundball, 4)
Batting: RHB Donato Gozende 0-0: Called Strike
0-1: Ball
1-1: Ball
2-1: Ball
3-1: Base on Balls
Pitching: RHP Víctor Viña
Batting: RHB José Pérez 0-0: Ball
1-0: Ball
2-0: Ball
3-0: Called Strike
3-1: Base on Balls
Donato Gozende to second
Batting: RHB Oliver Acevedo 0-0: Called Strike
0-1: Fly out, F9 (Line Drive, 9)
Batting: SHB Barrett Bowden 0-0: Swinging Strike
0-1: Called Strike
0-2: Ball
1-2: Strikes out swinging
Bottom of the 7th over - 0 runs, 0 hits, 0 errors, 2 left on base; Tuscaloosa 5 - Detroit 4
TOP OF THE 8TH
Tuscaloosa Trout Slayers batting - Pitching for Detroit X-Wings : RHP Charlie Alexander
Batting: RHB Kyle O'Day 0-0: Called Strike
0-1: DOUBLE (Line Drive, 3D)
Pinch Hitting: LHB Pedro Juárez 0-0: Foul Ball, location: 2F
0-1: Ball
Wild Pitch!
Kyle O'Day to third
1-1: Ball
2-1: Swinging Strike
2-2: Ball
3-2: Base on Balls
Batting: RHB Alfredo Díaz 0-0: Ball
1-0: TRIPLE (Flyball, 89XD)
Kyle O'Day scores
Pedro Juárez scores
Batting: RHB José Fernández 0-0: Foul Ball, location: 2F
0-1: Fly out, F8 (Flyball, 78D)
Runner from 3rd tags up, SCORES, no throw
Pitching: RHP Ralph Bascombe
Batting: LHB José Delgado 0-0: Ball
1-0: Ball
2-0: Ball
3-0: Called Strike
3-1: Foul Ball, location: 2F
3-2: TRIPLE (Line Drive, 9D)
Batting: RHB Jason Erickson 0-0: Foul Ball, location: 2F
0-1: Foul Ball, location: 2F
0-2: SINGLE (Line Drive, 8RS)
José Delgado scores
Batting: LHB Ed Hart 0-0: Ball
1-0: Called Strike
1-1: Foul Ball, location: 2F
1-2: Foul Ball, location: 2F
1-2: SINGLE (Groundball, 34D)
Jason Erickson to second
Runner from 2nd tries for 3rd, OUT!
Batting: LHB Mark Owens 0-0: Ball
1-0: Ball
2-0: Foul Ball, location: 2F
2-1: Ball
3-1: Swinging Strike
3-2: Base on Balls
Ed Hart to second
Batting: RHB Juan Reyes 0-0: Swinging Strike
0-1: Foul Ball, location: 2F
0-2: Ball
1-2: 3-RUN HOME RUN (Flyball, 8LXD), Distance : 409 ft
Batting: RHB Kyle O'Day 0-0: Ball
1-0: Ball
2-0: Ball
3-0: Base on Balls
Batting: LHB Pedro Juárez 0-0: Called Strike
0-1: Swinging Strike
0-2: Foul Ball, location: 2F
0-2: Fielders Choice at 2nd, U4 (Groundball, 4M)
Top of the 8th over - 7 runs, 6 hits, 0 errors, 1 left on base; Tuscaloosa 12 - Detroit 4
BOTTOM OF THE 8TH
Detroit X-Wings batting - Pitching for Tuscaloosa Trout Slayers : RHP Víctor Viña
Now at SS: Iván Moreno
Now in LF: Lynn Ford
Batting: RHB Mario Solís 0-0: Called Strike
0-1: Ball
1-1: Ball
2-1: Ball
3-1: Called Strike
3-2: Ground out U3 (Groundball, 34)
Batting: LHB Paul Alston 0-0: Ball
1-0: Called Strike
1-1: Foul Ball, location: 2F
1-2: Ball
2-2: Ground out 4-3 (Groundball, 4D)
Batting: RHB Enrique Aguilar 0-0: Foul Ball, location: 2F
0-1: Called Strike
0-2: SINGLE (Groundball, 4MD)
Batting: RHB Raúl Flores 0-0: Fielders Choice at 2nd, 5-4 (Groundball, 56)
Bottom of the 8th over - 0 runs, 1 hit, 0 errors, 1 left on base; Tuscaloosa 12 - Detroit 4
TOP OF THE 9TH
Tuscaloosa Trout Slayers batting - Pitching for Detroit X-Wings : RHP Ralph Bascombe
Batting: RHB Alfredo Díaz 0-0: Ball
1-0: Called Strike
1-1: Called Strike
1-2: Ball
2-2: Foul Ball, location: 2F
2-2: Ground out 4-3 (Groundball, 4)
Batting: RHB José Fernández 0-0: Ball
1-0: Ball
2-0: Foul Ball, location: 2F
2-1: Foul Ball, location: 2F
2-2: SINGLE (Line Drive, 6MD)
Batting: LHB José Delgado 0-0: Ball
1-0: SINGLE (Line Drive, 56D)
José Fernández to second
Batting: RHB Jason Erickson 0-0: Called Strike
0-1: Fly out, F7 (Line Drive, 7)
Batting: LHB Ed Hart 0-0: Called Strike
0-1: Ball
1-1: Ball
2-1: Ball
3-1: Base on Balls
José Fernández to third
José Delgado to second
Batting: LHB Mark Owens 0-0: Called Strike
0-1: Ball
1-1: Called Strike
1-2: Ball
2-2: DOUBLE (Line Drive, 9LM)
José Fernández scores
José Delgado scores
Ed Hart to third
Batting: RHB Juan Reyes 0-0: Ball
1-0: Called Strike
1-1: Ball
2-1: Ball
3-1: Called Strike
3-2: Base on Balls
Pitching: RHP Dylan Versluis
Batting: RHB Lynn Ford 0-0: Ball
1-0: Ball
2-0: Called Strike
2-1: Swinging Strike
2-2: Strikes out swinging
Top of the 9th over - 2 runs, 3 hits, 0 errors, 3 left on base; Tuscaloosa 14 - Detroit 4
BOTTOM OF THE 9TH
Detroit X-Wings batting - Pitching for Tuscaloosa Trout Slayers : RHP Víctor Viña
Now in RF: Mark McDonald
Batting: LHB Leslie Adams 0-0: Ball
1-0: Foul Ball, location: 2F
1-1: Swinging Strike
1-2: Foul Ball, location: 2F
1-2: Ball
2-2: Ball
3-2: Strikes out swinging
Pinch Hitting: RHB Gary Witt 0-0: Ball
1-0: Ball
2-0: Ball
3-0: Called Strike
3-1: Base on Balls
Batting: RHB José Pérez 0-0: Called Strike
0-1: Called Strike
0-2: Fielders Choice at 2nd, 6-4 (Groundball, 6)
Batting: RHB Oliver Acevedo 0-0: Swinging Strike
0-1: Foul Ball, location: 2F
0-2: Strikes out swinging
Bottom of the 9th over - 0 runs, 0 hits, 0 errors, 1 left on base; Tuscaloosa 14 - Detroit 4
Saturday, December 16th, 2017 - OOTP Baseball 18.8 Build 76